 Dungeon Crawl Stone Soup version 0.23-a0-395-gcf17ac6 (webtiles) character file.

104760 Garbasso the Imperceptible (level 15, -3/95 HPs)
             Began as a Vampire Enchanter on Nov 1, 2018.
             Was the Champion of Ashenzari.
             Killed from afar by a merfolk aquamancer (29 damage)
             ... with a shard of ice
             ... on level 4 of the Shoals.
             The game lasted 02:41:38 (42018 turns).

Garbasso the Imperceptible (Vampire Enchanter)     Turns: 42018, Time: 02:41:38

Health: -3/95      AC: 16    Str: 11    XL:     15   Next: 92%
Magic:  31/31      EV: 26    Int: 26    God:    Ashenzari [******]
Gold:   1532       SH:  0    Dex: 20    Spells: 1/23 levels left

rFire    . . .     SeeInvis +   a - +0 dagger (venom)
rCold    + + .     Gourm    .   (no shield)
rNeg     + + .     Faith    .   H - +0 leather armour of the Imp {MP+9 Dex+3} (curse)
rPois    +         Spirit   .   c - +2 helmet (curse)
rElec    +         Reflect  .   f - +0 cloak (curse)
rCorr    .         Harm     .   o - +0 pair of gloves (curse)
MR       +++..     Clarity  +   M - +2 pair of boots (curse)
Stlth    ++........             T - amulet "Titu" {RegenMP rC+} (curse)
HPRegen  0.12/turn              W - +5 ring of protection (curse)
MPRegen  0.47/turn              X - ring "Siridaiss" {MR+ Str+4 Int+2} (curse)

@: confused, about to teleport, scrying, regenerating slowly, very slow
A: fangs 3, see invisible, agile 1, magic resistance 1, electricity resistance,
unbreathing
a: Bat Form, Curse Item, Scrying, Transfer Knowledge, Renounce Religion


You were on level 4 of the Shoals.
You worshipped Ashenzari.
Ashenzari was exalted by your worship.
You were very thirsty.

You visited 4 branches of the dungeon, and saw 26 of its levels.
You also visited: Labyrinth.

You collected 2055 gold pieces.
You spent 523 gold pieces at shops.

Inventory:

Hand Weapons
 a - a +0 dagger of venom (weapon)
 b - a +4 quick blade of flaming
 F - a +1 dagger of draining
Missiles
 h - 13 throwing nets (quivered) {=f}
Armour
 c - a cursed +2 helmet (worn)
 e - a +0 buckler
 f - a cursed +0 cloak (worn)
 o - a cursed +0 pair of gloves (worn)
 H - the cursed +0 leather armour of the Imp (worn) {MP+9 Dex+3}
   (You found it on level 9 of the Dungeon)

   It affects your dexterity (+3).
   It affects your magic capacity (+9).
   It has a curse placed upon it.
 M - a cursed +2 pair of boots (worn)
Jewellery
 S - the ring "Dubekkai" {EV+3 Dex+4}
   (You found it on level 6 of the Lair of Beasts)

   [ring of evasion]

   It affects your evasion (+3).
   It affects your dexterity (+4).
 T - the cursed amulet "Titu" (around neck) {RegenMP rC+}
   (You found it on level 6 of the Lair of Beasts)

   [amulet of magic regeneration]

   It increases your magic regeneration.
   It protects you from cold.
   It has a curse placed upon it.
 W - a cursed +5 ring of protection (left hand)
 X - the cursed ring "Siridaiss" (right hand) {MR+ Str+4 Int+2}
   (You found it on level 2 of the Shoals)

   [ring of protection from magic]

   It affects your strength (+4).
   It affects your intelligence (+2).
   It affects your resistance to hostile enchantments.
   It has a curse placed upon it.
Wands
 t - a wand of iceblast (77)
 w - a wand of digging (4)
 x - a wand of polymorph (19)
 C - a wand of acid (10)
 D - a wand of paralysis (7)
 E - a wand of random effects (82)
 G - a wand of clouds (10)
 I - a wand of flame (31)
 O - a wand of enslavement (10)
 R - a wand of disintegration (18)
 Z - a wand of scattershot (7)
Scrolls
 d - 6 scrolls of remove curse
 i - 6 scrolls of enchant weapon
 j - 10 scrolls of magic mapping
 k - 6 scrolls of teleportation
 l - 5 scrolls of enchant armour
 m - 13 scrolls of identify
 p - a scroll of vulnerability
 u - 3 scrolls of fog
 N - 12 scrolls of amnesia
 Q - 2 scrolls of fear
Potions
 n - 2 potions of heal wounds
 q - 14 potions of blood
 r - 9 potions of curing
 s - 6 potions of haste
 A - 3 potions of flight
 B - 4 potions of brilliance
 L - 2 potions of invisibility
 P - a potion of magic
 U - 3 potions of might
 V - a potion of ambrosia
Miscellaneous
 g - a lamp of fire (inert)
 v - a box of beasts


   Skills:
 - Level 2.1 Fighting
 - Level 3.0 Short Blades
 + Level 13.6(17.7) Dodging
 - Level 24.4(27) Stealth
 + Level 4.8 Spellcasting
 + Level 19.6(23.1) Hexes
 - Level 3.0(6.8) Charms
 - Level 8.6(13.0) Summonings
 - Level 2.7(6.4) Ice Magic
 - Level 2.1(5.5) Air Magic
 - Level 4.0(8.2) Evocations


You had one spell level left.
You knew the following spells:

 Your Spells              Type           Power        Failure   Level  Hunger
a - Dazzling Spray        Conj/Hex       ######       1%          3    ##.....
b - Ensorcelled Hibernat  Hex/Ice        ######       1%          2    None
c - Confuse               Hex            #######.     0%          3    ##.....
d - Tukima's Dance        Hex            #######.     0%          3    ##.....
e - Swiftness             Chrm/Air       #####...     1%          2    None
f - Summon Lightning Spi  Summ/Air       ######..     2%          4    ####...
g - Summon Ice Beast      Ice/Summ       ######..     1%          4    ####...
h - Apportation           Tloc           #.....       8%          1    None

Your spell library contained the following spells:

 Spells                   Type           Power        Failure   Level  Hunger
 Confusing Touch          Hex            ######       0%          1    None
 Corona                   Hex            #######      0%          1    None
 Summon Small Mammal      Summ           ####         1%          1    None
 Shock                    Conj/Air       ###.         3%          1    None
 Animate Skeleton         Necr           N/A          8%          1    None
 Beastly Appendage        Tmut           #.....       8%          1    None
 Flame Tongue             Conj/Fire      #....        8%          1    None
 Magic Dart               Conj           #...         8%          1    None
 Pain                     Necr           #...         8%          1    None
 Sandblast                Erth           #.....       8%          1    None
 Slow                     Hex            #######.     0%          2    None
 Call Imp                 Summ           ######..     1%          2    None
 Inner Flame              Hex/Fire       ######..     1%          3    ##.....
 Recall                   Summ/Tloc      N/A          1%          3    ##.....
 Regeneration             Chrm/Necr      ####......   6%          3    ##.....
 Static Discharge         Conj/Air       ###.....     9%          3    ##.....
 Airstrike                Air            #####.....   11%         4    ####...
 Blink                    Tloc           N/A          12%         2    None
 Passwall                 Tmut/Erth      #.......     12%         2    None
 Sticks to Snakes         Tmut           #.......     12%         2    None
 Throw Flame              Conj/Fire      #.....       12%         2    None
 Mephitic Cloud           Conj/Pois/Air  ###.....     12%         3    ##.....
 Conjure Flame            Conj/Fire      #.......     24%         3    ##.....
 Spider Form              Tmut/Pois      #.........   24%         3    ##.....
 Stone Arrow              Conj/Erth      #.....       24%         3    ##.....
 Vampiric Draining        Necr           #.........   24%         3    ##.....
 Ice Form                 Ice/Tmut       ###.....     24%         4    ####...
 Animate Dead             Necr           N/A          61%         4    ####...
 Petrify                  Tmut/Erth      #.......     61%         4    ####...
 Sticky Flame             Conj/Fire      #.......     61%         4    ####...
 Lightning Bolt           Conj/Air       ###.......   63%         5    #####..
 Blade Hands              Tmut           #.........   91%         5    #####..
 Borgnjor's Vile Clutch   Necr/Erth      #.........   91%         5    #####..
 Fireball                 Conj/Fire      #.........   91%         5    #####..
 Irradiate                Conj/Tmut      #.........   91%         5    #####..
 Lee's Rapid Deconstruct  Erth           #.........   91%         5    #####..
 Simulacrum               Ice/Necr       ###.......   98%         6    #######
 Death Channel            Necr           #.........   100%        6    #######
 Hydra Form               Tmut           #.........   100%        6    #######
 Statue Form              Tmut/Erth      #........    100%        6    #######
 Dragon Form              Tmut           #.........   100%        7    #######
 Dragon's Call            Summ           ######....   100%        9    #######


Dungeon Overview and Level Annotations

Branches:
Dungeon (15/15)            Temple (0/1) D:6            Lair (6/6) D:10
 Shoals (4/4) Lair:3       Spider (1/4) Lair:4        Slime (0/5) Lair:6
    Orc (0/2) D:11         Vaults (0/5) D:14         Depths (0/5) D:15

Altars:
Ashenzari
Elyvilon
Fedhas
Nemelex Xobeh
Sif Muna
Vehumet
Wu Jian
Xom
Yredelemnul

Shops:
D:4 !*?[   D:8 }   Shoals:4 !

Annotations:
D:5 exclusion: statue, Duvessa
D:8 1 runed door, derval's ghost, novice DEAE
Lair:1 1 runed door, exclusion: 3 oklob plants, Isoivuar's ghost, novice DsFi
Lair:6 1 runed door, exclusion: 3 oklob plants, Zuhuvud's ghost, journeyman TrMo


Innate Abilities, Weirdness & Mutations

You heal slowly.
You have razor-sharp teeth.
You have supernaturally acute eyesight. (SInv)
You can survive without breathing.
You are agile. (Dex +2)
You are resistant to hostile enchantments. (MR+)
You are resistant to electric shocks. (rElec)


Message History

* * * LOW HITPOINT WARNING * * *
You hit the harpy but do no damage.
The harpy is poisoned.
You bite the harpy.
You draw the harpy's blood!
You feel better.
You feel slightly less thirsty.
The harpy is heavily wounded.
The merfolk javelineer looks more healthy.
The harpy is engulfed in a cloud of scalding steam.
The harpy claws you.
* * * LOW HITPOINT WARNING * * *
The harpy completely misses you.
The merfolk javelineer hits you but does no damage.
The harpy is engulfed in a cloud of scalding steam.
The merfolk impaler is engulfed in poison gas.
The merfolk impaler looks as sick as possible!
You kill the merfolk impaler!
The wind drake is engulfed in poison gas.
The wind drake looks as sick as possible!
You kill the wind drake!
The merfolk aquamancer casts a spell at you.
The shard of ice hits you! You partially resist.
You die...

............≈≈≈≈≈≈[..≈≈≈≈≈..
,
............≈#####....≈≈≈≈..
≈≈≈
............##§§.##.....≈ ≈
............#§§§..#....., ≈
≈* ............#.§m..#.....
≈≈≈ ≈ ,*
............#.§§..#..... ,,
.[..≈≈..≈≈..##mmH##§.... ,≈≈
≈≈ ..#.≈≈..≈≈...##m##.§....
≈ ≈ ≈
....≈≈..≈≈....H≈@§§§§$##+
*≈≈ ≈
.PP≈P≈≈≈≈≈....§m.≈...##≈≈
).P.≈≈≈≈≈≈......§m...#m≈≈
*≈≈ ≈
..PP≈.P.P≈..)........#≈≈ ≈
≈≈ ..P...P.≈≈≈..........#≈≈
≈ ≈≈ ≈
.PPPP.≈≈#####........##≈
≈**≈ ≈≈
.PP≈≈≈≈##≈mS##..S.....##**
≈≈ ≈ ≈
.≈PP≈≈≈#≈≈≈≈≈#.......P.≈ ≈
≈≈ ≈ ..≈P≈≈≈#≈≈|≈≈+........
≈≈≈≈ ≈≈


You could see a merfolk avatar (wandering), a merfolk impaler, 2 merfolk
javelineers, 2 sea snakes, 2 merfolk aquamancers, a manticore, a merfolk siren,
a water nymph (wandering) and a harpy.

Vanquished Creatures
  Rupert (Lair:6)
  Nessos (Lair:4)
  A minotaur (Lab)
  2 merfolk impalers
  An ogre mage (D:13)
  Harold (D:11)
  6 hydras
  An alligator snapping turtle (Shoals:3)
  5 centaur warriors
  A merfolk aquamancer (Shoals:1)
  3 catoblepae
  4 two-headed ogres
  A satyr (Shoals:3)
  5 tengu warriors (D:15)
  Urug (Lair:5)
  3 unseen horrors
  5 sea snakes
  A harpy (Shoals:3)
  2 orc knights (D:15)
  A wizard (D:14)
  2 wolf spider zombies
  2 phantasmal warriors
  A frost giant zombie (D:15)
  A necromancer (D:15)
  2 wolf spiders (Spider:1)
  5 cyclopes
  A lindwurm (Lair:4)
  4 fauns
  6 manticores
  An ugly thing (D:13)
  4 centaur zombies
  11 elephants
  5 water nymphs
  4 merfolk sirens
  Joseph (D:9)
  2 molten gargoyles (Lair:4)
  8 black mambas
  A centaur skeleton (D:14)
  10 spiny frogs
  A rime drake (Lair:4)
  An efreet (D:15)
  A spriggan skeleton (D:15)
  A redback zombie (D:15)
  A freezing wraith (D:13)
  8 komodo dragons
  A tengu conjurer (D:15)
  An ice devil (D:15)
  7 trolls
  2 polar bears
  5 jumping spiders
  11 merfolk
  3 meliai (Lair:5)
  A queen bee (Lair:5)
  2 wind drakes (Shoals:4)
  11 blink frogs (Lair:3)
  Grinder (D:2)
  3 hornets
  Prince Ribbit (D:5)
  12 hippogriffs
  3 slime creatures (D:12)
  2 snapping turtles (Shoals:1)
  6 dream sheep
  2 shadows
  5 redbacks
  2 fire dragon skeletons (D:15)
  8 water elementals
  42 yaks
  Eustachio (D:5)
  2 vampires
  A spriggan (D:7)
  3 wraiths
  4 wyverns
  A basilisk (shapeshifter) (D:15)
  5 basilisks
  4 hungry ghosts
  5 vampire mosquitoes
  A warg (D:15)
  An acid dragon (D:13)
  12 water moccasins
  11 porcupines
  A hornet zombie (D:14)
  A floating eye (Shoals:1)
  2 ice beasts
  2 black bears
  2 orc warriors
  5 sky beasts
  4 ogres
  5 phantoms
  21 centaurs
  A wolf (Lair:4)
  11 crocodiles
  A big kobold (D:7)
  4 gnoll sergeants
  8 bullfrogs
  A water moccasin zombie (D:5)
  2 scorpions
  A wyvern skeleton (D:11)
  Dowan (D:5)
  52 killer bees
  2 wights (D:7)
  A howler monkey (D:5)
  4 crimson imps
  4 bullfrog zombies
  9 lava snakes
  3 gnoll shamans (D:8)
  10 hounds
  3 jellies
  17 orc wizards
  4 bullfrog skeletons
  Terence (D:3)
  7 iguanas
  8 hell rats
  7 worker ants
  A hound zombie (D:11)
  A worker ant zombie (D:10)
  Robin (D:3)
  15 gnolls
  9 adders
  8 river rats (Lair:2)
  2 shadow imps
  4 white imps (D:15)
  2 oozes
  An adder zombie (D:8)
  A worm (D:3)
  4 dart slugs (D:2)
  6 leopard geckos
  40 orcs
  A ball python (D:4)
  5 bats
  2 giant cockroaches
  12 hobgoblins
  12 jackals
  16 kobolds
  10 quokkas
  4 frilled lizards
  19 goblins
  27 rats
  A spectral orc (D:8)
  4 plants (Lair:6)
725 creatures vanquished.

Vanquished Creatures (collateral kills)
  2 merfolk impalers (Shoals:4)
  A two-headed ogre (D:11)
  A death knight (D:13)
  4 death yaks (Lair:3)
  2 satyrs (Shoals:3)
  2 skeletal warriors
  An unseen horror (D:11)
  4 harpies (Shoals:3)
  An orb spider (Spider:1)
  2 fauns (Shoals:3)
  2 manticores (Shoals:4)
  2 cyclopes (Shoals:3)
  4 merfolk sirens
  2 water nymphs (Shoals:2)
  A smoke demon (D:15)
  A jumping spider (Spider:1)
  4 dream sheep (Shoals:3)
  A redback (Spider:1)
  7 water elementals
  A yak (Lair:3)
  A soldier ant (D:12)
  A warg (D:15)
  An ice beast (D:7)
  4 orc warriors
  An ogre (D:11)
  3 centaurs (D:15)
  A crocodile (Lair:5)
  A big kobold (D:8)
  A bullfrog (D:12)
  A gnoll sergeant (D:8)
  A killer bee (D:10)
  3 wights (D:7)
  3 crimson imps
  An orc priest (D:12)
  3 orc wizards
  4 gnolls
  An adder (D:12)
  19 orcs
  A goblin (D:3)
  A kobold (D:8)
97 creatures vanquished.

Vanquished Creatures (others)
  2 dancing weapons
  A porcupine (Lair:5)
  An orc wizard (D:12)
  A gnoll (D:8)
  6 fungi
  6 plants
  4 withered plants
21 creatures vanquished.

Grand Total: 843 creatures vanquished

Notes
Turn   | Place    | Note
-------+----------+-------------------------------------------
     0 | D:1      | Garbasso the Vampire Enchanter began the quest for the Orb.
     0 | D:1      | Reached XP level 1. HP: 13/13 MP: 3/3
   463 | D:1      | Reached XP level 2. HP: 19/19 MP: 5/5
   537 | D:1      | Learned a level 2 spell: Ensorcelled Hibernation
   541 | D:1      | Reached skill level 5 in Hexes
  1406 | D:1      | Reached skill level 5 in Stealth
  1725 | D:1      | Reached XP level 3. HP: 24/24 MP: 6/6
  1730 | D:1      | Learned a level 3 spell: Confuse
  3935 | D:2      | Reached XP level 4. HP: 23/30 MP: 2/7
  4673 | D:3      | Noticed Terence
  4679 | D:3      | Killed Terence
  4821 | D:3      | Reached XP level 5. HP: 35/35 MP: 8/8
  5114 | D:3      | Noticed Robin
  5126 | D:3      | Reached skill level 6 in Stealth
  5201 | D:3      | Noticed Grinder
  5221 | D:2      | Killed Grinder
  5221 | D:2      | Reached skill level 7 in Stealth
  5221 | D:2      | Reached XP level 6. HP: 38/41 MP: 2/9
  5226 | D:2      | Learned a level 3 spell: Tukima's Dance
  5400 | D:3      | Found a deep blue altar of Sif Muna.
  5497 | D:3      | Identified Sif Muna's Handbook of the Escort
  5553 | D:3      | Found a shimmering altar of Xom.
  5553 | D:3      | Found a shimmering altar of Xom.
  5553 | D:3      | Found a shimmering altar of Xom.
  5553 | D:3      | Found a shimmering altar of Xom.
  5553 | D:3      | Found a shimmering altar of Xom.
  5553 | D:3      | Found a shimmering altar of Xom.
  5560 | D:3      | Found a shimmering altar of Xom.
  5573 | D:3      | HP: 2/41 [orc wizard/magic dart (2)]
  5575 | D:3      | Gained mutation: You are resistant to hostile enchantments.
                  | (MR+) [potion of mutation]
  5575 | D:3      | Gained mutation: You are agile. (Dex +2) [potion of
                  | mutation]
  5575 | D:3      | Gained mutation: You are resistant to electric shocks.
                  | (rElec) [potion of mutation]
  5901 | D:3      | Found an ornate altar of the Wu Jian Council.
  6118 | D:3      | Killed Robin
  6118 | D:3      | Reached XP level 7. HP: 35/46 MP: 0/10
  6340 | D:3      | Found a shimmering altar of Xom.
  6343 | D:3      | Found a shimmering altar of Xom.
  6370 | D:3      | Found a deep blue altar of Sif Muna.
  6512 | D:3      | Found an ornate altar of the Wu Jian Council.
  6707 | D:4      | Found Axtys's Distillery.
  6715 | D:4      | Bought a potion of degeneration for 11 gold pieces
  6715 | D:4      | Bought a potion of heal wounds for 55 gold pieces
  6813 | D:4      | Found Idghui's General Store.
  6833 | D:4      | Bought a scroll of remove curse for 39 gold pieces
  6833 | D:4      | Bought a scroll of identify for 26 gold pieces
  7237 | D:4      | Reached skill level 8 in Stealth
  7237 | D:4      | Reached skill level 10 in Hexes
  7249 | D:4      | Found Juem's Antique Armour Emporium.
  7290 | D:4      | Found a shattered altar of Ashenzari.
  7298 | D:4      | Became a worshipper of Ashenzari the Shackled
  7402 | D:4      | Found Biuso's Magic Scroll Boutique.
  7423 | D:4      | Bought a scroll of fog for 26 gold pieces
  7423 | D:4      | Bought a scroll of teleportation for 39 gold pieces
  7580 | D:5      | Entered Level 5 of the Dungeon
  7580 | D:5      | Noticed Eustachio
  7580 | D:5      | Noticed Duvessa
  7580 | D:5      | Noticed Dowan
  8020 | D:5      | Noticed Prince Ribbit
  8033 | D:5      | Killed Prince Ribbit
  8033 | D:5      | Reached skill level 9 in Stealth
  8033 | D:5      | Reached XP level 8. HP: 52/52 MP: 2/11
  8210 | D:5      | Found a radiant altar of Vehumet.
  8291 | D:5      | Killed Eustachio
  8291 | D:5      | Reached skill level 10 in Stealth
  8491 | D:5      | Found a white marble altar of Elyvilon.
  9371 | D:6      | Noticed a hornet
  9373 | D:6      | Killed a hornet
  9373 | D:6      | Reached skill level 5 in Dodging
  9373 | D:6      | Reached skill level 11 in Stealth
  9483 | D:6      | Reached * piety under Ashenzari
  9509 | D:6      | Found a staircase to the Ecumenical Temple.
 10305 | D:7      | Noticed a hippogriff
 10307 | D:7      | Killed a hippogriff
 10307 | D:7      | Reached skill level 12 in Stealth
 10307 | D:7      | Reached XP level 9. HP: 57/57 MP: 12/12
 10312 | D:7      | Learned a level 3 spell: Dazzling Spray
 11557 | D:7      | Reached skill level 13 in Stealth
 12232 | D:8      | Reached skill level 14 in Stealth
 12358 | D:8      | Noticed a troll
 12375 | D:8      | Killed a troll
 12594 | D:8      | Found a runed door.
 12595 | D:8      | Noticed derval's ghost (novice DEAE)
 12903 | D:8      | Found Xogililo's Gadget Shoppe.
 12936 | D:8      | Reached XP level 10. HP: 63/63 MP: 0/13
 13052 | D:8      | Learned a level 2 spell: Swiftness
 13286 | D:8      | Reached skill level 1 in Charms
 13386 | D:8      | Found a basalt altar of Yredelemnul.
 13689 | D:9      | Reached skill level 15 in Stealth
 13796 | D:9      | Noticed Joseph
 13803 | D:9      | Killed Joseph
 13805 | D:9      | Reached skill level 1 in Air Magic
 13813 | D:9      | Reached ** piety under Ashenzari
 14287 | D:9      | Got the uncursed leather armour of the Imp {MP+9 Dex+3}
 14298 | D:9      | Identified the +0 leather armour of the Imp {MP+9 Dex+3}
                  | (You found it on level 9 of the Dungeon)
 14815 | D:10     | Entered Level 10 of the Dungeon
 15104 | D:10     | Reached skill level 16 in Stealth
 15274 | D:10     | Found a staircase to the Lair.
 15447 | Lair:1   | Entered Level 1 of the Lair of Beasts
 15526 | Lair:1   | Noticed an oklob plant
 15527 | Lair:1   | Noticed an oklob plant
 15762 | D:5      | Killed Dowan
 15785 | D:4      | Bought a scroll of remove curse for 39 gold pieces
 15981 | Lair:1   | Found a sparkling altar of Nemelex Xobeh.
 16122 | Lair:1   | Found a runed door.
 16122 | Lair:1   | Found a shimmering altar of Xom.
 16122 | Lair:1   | Noticed Isoivuar's ghost (novice DsFi)
 16122 | Lair:1   | Noticed a runed war axe
 16144 | Lair:1   | Reached *** piety under Ashenzari
 16404 | Lair:1   | Reached skill level 17 in Stealth
 16594 | Lair:1   | Reached XP level 11. HP: 68/68 MP: 14/14
 16628 | Lair:1   | Noticed an oklob plant
 16647 | Lair:1   | Reached skill level 1 in Fighting
 18340 | Lair:2   | Reached skill level 18 in Stealth
 18573 | Lair:3   | Noticed a death yak
 18573 | Lair:3   | Noticed a death yak
 18574 | Lair:3   | Noticed a death yak
 18574 | Lair:3   | Noticed a death yak
 19124 | Lair:3   | Reached skill level 1 in Evocations
 19167 | Lair:3   | Reached skill level 15 in Hexes
 19207 | Lair:3   | Reached **** piety under Ashenzari
 19224 | Lair:3   | Reached skill level 19 in Stealth
 19358 | Lair:3   | Reached XP level 12. HP: 73/78 MP: 9/15
 19436 | Lair:3   | Found a staircase to the Shoals.
 19628 | Lair:3   | Noticed a death yak
 19629 | Lair:3   | Noticed a death yak
 20490 | Lair:4   | Found a labyrinth entrance.
 20499 | Lab      | Entered a labyrinth
 20720 | Lab      | Noticed a minotaur
 20723 | Lab      | Identified a scroll of acquirement
 20740 | Lab      | HP: 3/78 [minotaur/javelin of returning (16)]
 21914 | Lab      | Killed a minotaur
 21923 | Lab      | Identified the Disquisition on Supportive Snow
 22182 | Lair:4   | Noticed Nessos
 22187 | Lair:4   | Killed Nessos
 22257 | Lair:4   | Found a hole to the Spider Nest.
 22694 | Lair:4   | Reached skill level 20 in Stealth
 23554 | Lair:5   | Noticed a six-headed hydra
 23560 | Lair:5   | Killed a six-headed hydra
 23607 | Lair:5   | Noticed Urug
 23612 | Lair:5   | Killed Urug
 23697 | Lair:5   | Reached XP level 13. HP: 83/83 MP: 17/17
 23703 | Lair:5   | Learned a level 4 spell: Summon Lightning Spire
 23751 | Lair:5   | Reached skill level 10 in Dodging
 23872 | Lair:5   | Reached skill level 21 in Stealth
 23882 | Lair:5   | Reached skill level 1 in Summonings
 25783 | Lair:6   | Entered Level 6 of the Lair of Beasts
 25829 | Lair:6   | Noticed Rupert
 25836 | Lair:6   | Killed Rupert
 25844 | Lair:6   | Found a runed door.
 25960 | Lair:6   | Noticed Zuhuvud's ghost (journeyman TrMo)
 26048 | Lair:6   | Found a staircase to the Slime Pits.
 26422 | Lair:6   | Reached ***** piety under Ashenzari
 26485 | Lair:6   | Reached skill level 22 in Stealth
 27059 | Lair:6   | Reached skill level 5 in Summonings
 27518 | Lair:6   | Identified the ring "Dubekkai" {EV+3 Dex+4}
 27553 | Lair:6   | Identified the amulet "Titu" {RegenMP rC+}
 27844 | D:11     | Noticed Harold
 27852 | D:11     | Killed Harold
 27899 | D:11     | Reached XP level 14. HP: 78/90 MP: 16/18
 28353 | D:11     | Found a staircase to the Orcish Mines.
 30162 | D:13     | Reached skill level 23 in Stealth
 31750 | D:14     | Found a gate to the Vaults.
 32521 | D:14     | Learned a level 4 spell: Summon Ice Beast
 32695 | D:15     | Entered Level 15 of the Dungeon
 32808 | D:15     | Reached skill level 1 in Ice Magic
 32853 | D:15     | Reached skill level 24 in Stealth
 32907 | D:15     | Found a blossoming altar of Fedhas.
 33212 | D:15     | Reached XP level 15. HP: 74/95 MP: 16/21
 34157 | D:15     | Found a staircase to the Depths.
 34485 | D:15     | Learned a level 1 spell: Apportation
 35210 | Spider:1 | Entered Level 1 of the Spider Nest
 35801 | Shoals:1 | Entered Level 1 of the Shoals
 38410 | Shoals:1 | Reached ****** piety under Ashenzari
 38786 | Shoals:2 | Identified the ring "Siridaiss" {MR+ Str+4 Int+2}
 41479 | Shoals:4 | Entered Level 4 of the Shoals
 41788 | Shoals:4 | Identified the +2 robe of Ytoepnesk {rF+ rC- Regen+}
 41810 | Shoals:4 | Found Dekanon's Distillery.
 41824 | Shoals:4 | Bought a potion of curing for 54 gold pieces
 41824 | Shoals:4 | Bought a potion of heal wounds for 90 gold pieces
 41824 | Shoals:4 | Bought a potion of invisibility for 144 gold pieces
 42018 | Shoals:4 | Killed from afar by a merfolk aquamancer

Vault maps used:
D:1:      dpeg_arrival_morbid_curiosity, serial_bayou_ford_a
D:2:      minmay_pentomino_z2
D:3:      nicolae_xom_altar_mimics, lemuel_crystal_altar, led_sif_book,
          uniq_terence, uniq_robin, uniq_grinder
D:4:      serial_shops, shop, shop, nicolae_shop_statue_plus,
          nicolae_shop_trees, ashenzari_altar_1
D:5:      vehumet_statue, first_ration, elyvilon_altar_3, uniq_prince_ribbit1,
          uniq_eustachio, uniq_duvessa
D:6:      minmay_temple_entry_nine_rooms, minmay_misc_feat_columns
D:7:      the_bakery
D:8:      yredelemnul_forgotten_temple_becter, ebering_ghost_inner_flame,
          serial_gnoll_camp, gnoll_camp_huts_basic, gnoll_camp_mini_basic,
          gnoll_camp_mini_hut, gnoll_camp_mini_hut, gnoll_camp_mini_loothouse,
          gnoll_camp_medium_01, serial_shops, shop
D:9:      uniq_joseph
D:10:     lair_entry_dummy
D:11:     hiddenorc1_lemuel, uniq_harold
D:12:     chequers_avenue
D:14:     david_vaults_1, minmay_misc_feat_nine_boxes
D:15:     gammafunk_depths_entry_grave, fedhas_altar_2, minmay_fire_ice_demons
Lair:1:   ebering_ghost_xom, lemuel_centaur_altar, minmay_lair_oklob_chamber,
          grunt_megastairs_4
Lair:2:   lemuel_ratsnest
Lair:3:   elwin_shoals_entry_rocks
Lair:4:   cheibrodos_magma_flow, nicolae_spider_entry_tight_spaces,
          lab_entry_generic, nicolae_volcano_entry_vermiform, uniq_nessos
Lair:5:   regret_index_bee_streams, uniq_urug
Lair:6:   due_jungle_book, minmay_slime_entry_oklob_open, gammafunk_ghost_grave,
          chequers_serial_rivers_micro_a, serial_bayou_shore_b,
          grunt_megastairs_5, uniq_rupert
Shoals:1: nicolae_shoals_wave_tunnel
Shoals:2: nicolae_shoals_water_elemental_grotto
Shoals:4: shoals_end_simple, serial_shops, shop_fountains, uniq_nikola
Spider:1: worms_lemuel
Lab:      labyrinth_mini_lab, nicolae_lab_swirl, labyrinth_skeletal_remains,
          nicolae_lab_do_over, labyrinth_lava_lair

Skill      XL: |  1  2  3  4  5  6  7  8  9 10 11 12 13 14 15 |
---------------+----------------------------------------------+-----
Hexes          | 5 6 8 9 10 11 12 14 15 16 17 18 19 | 19.6
Stealth        | 5 7 9 12 14 17 19 20 22 24 | 24.4
Dodging        | 3 4 5 7 8 9 11 12 13 | 13.6
Charms         | 3 |  3.0
Air Magic      | 2 |  2.1
Fighting       | 2 |  2.1
Short Blades   | 3 |  3.0
Evocations     | 2 4 |  4.0
Spellcasting   | 3 4 |  4.8
Summonings     | 5 8 |  8.6
Ice Magic      | 2 |  2.7

Action                   |  1- 3 |  4- 6 |  7- 9 | 10-12 | 13-15 || total
-------------------------+-------+-------+-------+-------+-------++-------
Melee: Dagger            |   120 |   102 |   444 |   473 |   960 ||  2099
       Bite              |    11 |     4 |    44 |    44 |   179 ||   282
       Falchion          |       |     3 |       |       |       ||     3
       Quick blade       |       |       |       |    27 |   231 ||   258
       Unarmed           |       |       |       |       |     1 ||     1
 Cast: Corona            |     6 |     1 |       |       |       ||     7
       Ensorcelled Hiber |    20 |    32 |    79 |   127 |   177 ||   435
       Confuse           |     1 |     7 |    12 |    29 |   129 ||   178
       Tukima's Dance    |       |     3 |    29 |     5 |    24 ||    61
       Dazzling Spray    |       |       |     5 |    22 |    66 ||    93
       Swiftness         |       |       |       |     4 |     2 ||     6
       Summon Lightning  |       |       |       |       |    44 ||    44
       Summon Ice Beast  |       |       |       |       |    47 ||    47
Invok: Curse Item        |       |       |     3 |     2 |     4 ||     9
       Scrying           |       |       |       |       |     1 ||     1
 Abil: End Transformatio |       |     1 |     2 |     4 |     8 ||    15
       Bat Form          |       |     1 |     2 |     4 |     8 ||    15
Evoke: Wand              |       |       |     3 |     1 |     9 ||    13
       Lamp of fire      |       |       |       |     1 |     1 ||     2
  Use: Potion            |     5 |     7 |    11 |    20 |    26 ||    69
       Scroll            |       |       |    10 |    11 |    11 ||    32
 Stab: Sleeping          |    19 |    33 |    44 |   145 |   190 ||   431
       Confused          |       |     3 |     4 |    16 |    53 ||    76
       Distracted        |       |       |     1 |     3 |    15 ||    19
       Invisible         |       |       |     2 |     4 |    13 ||    19
  Eat: Corpse            |     3 |     4 |    14 |    20 |    34 ||    75
Armor: Robe              |    26 |    20 |   103 |    21 |       ||   170
       Leather armour    |       |       |       |    55 |   205 ||   260
Dodge: Dodged            |    84 |    85 |   371 |   328 |  1503 ||  2371

Table legend:
 A = Non-vault XP
 B = Vault XP
 C = Vault XP percentage of total XP
 D = Non-vault monster count
 E = Vault monster count
 F = Vault count percentage of total count
                 A         B        C        D         E       F
            +---------+---------+-------+---------+---------+-------
      Total |  110640 |   39018 |  26.1 |     571 |     249 |  30.4
            +---------+---------+-------+---------+---------+-------
        D:1 |      41 |       7 |  14.6 |      28 |       4 |  12.5
        D:2 |      96 |     280 |  74.5 |      24 |       4 |  14.3
        D:3 |     160 |     150 |  48.4 |      20 |      12 |  37.5
        D:4 |     269 |       0 |   0.0 |      12 |       0 |   0.0
        D:5 |     209 |     545 |  72.3 |       4 |       3 |  42.9
        D:6 |     893 |       0 |   0.0 |      30 |       0 |   0.0
        D:7 |    1234 |     250 |  16.8 |      25 |       2 |   7.4
        D:8 |    1390 |     817 |  37.0 |      21 |      32 |  60.4
        D:9 |    1334 |     526 |  28.3 |      13 |       2 |  13.3
       D:10 |     743 |       0 |   0.0 |      13 |       0 |   0.0
       D:11 |    2979 |    1176 |  28.3 |      28 |      18 |  39.1
       D:12 |    4326 |       0 |   0.0 |      34 |       0 |   0.0
       D:13 |   10893 |       0 |   0.0 |      52 |       0 |   0.0
       D:14 |    7864 |    2591 |  24.8 |      26 |       5 |  16.1
       D:15 |   18099 |    3704 |  17.0 |      46 |      17 |  27.0
     Lair:1 |     933 |    2082 |  69.1 |       5 |      12 |  70.6
     Lair:2 |    3336 |     500 |  13.0 |      16 |      37 |  69.8
     Lair:3 |   10473 |       0 |   0.0 |      41 |       0 |   0.0
     Lair:4 |    5099 |    5040 |  49.7 |      21 |      18 |  46.2
     Lair:5 |    2002 |    8391 |  80.7 |       7 |      52 |  88.1
     Lair:6 |   11396 |    5566 |  32.8 |      30 |       7 |  18.9
   Shoals:1 |    9218 |    1911 |  17.2 |      23 |       7 |  23.3
   Shoals:2 |    2499 |     995 |  28.5 |      10 |       6 |  37.5
   Shoals:3 |   10021 |       0 |   0.0 |      28 |       0 |   0.0
   Shoals:4 |    2691 |    3109 |  53.6 |       6 |       6 |  50.0
   Spider:1 |    2442 |       0 |   0.0 |       8 |       0 |   0.0
        Lab |       0 |    1378 | 100.0 |       0 |       5 | 100.0
            +---------+---------+-------+---------+---------+-------
